 Dungeon Crawl Stone Soup version 0.18.1-50-g88ac8fd (webtiles) character file.

56 Monsterracer the Charlatan (level 3, 0/18 HPs)
             Began as a Spriggan Artificer on Aug 24, 2017.
             Slain by a jackal (2 damage)
             ... on level 2 of the Dungeon.
             The game lasted 00:04:12 (1951 turns).

Monsterracer the Charlatan (Spriggan Artificer)     Turns: 1951, Time: 00:04:12

Health: 0/18       AC:  2    Str:  7    XL:     3   Next: 69%
Magic:  16/16      EV: 19    Int: 13    God:
Gold:   98         SH:  0    Dex: 17    Spells: 0 memorised, 2 levels left

rFire  . . .     SeeInvis +     a - +0 short sword
rCold  . . .     Gourm    .     b - +0 robe
rNeg   . . .     Faith    .     (shield restricted)
rPois  .         Spirit   .     (helmet restricted)
rElec  .         Dismiss  .     (no cloak)
rCorr  .         Reflect  .     (gloves unavailable)
SustAt .         Harm     .     (boots unavailable)
MR     .....     Rnd*Tele +     (no amulet)
Stlth  +++.......               o - ring of magical power
                                h - ring of teleportation (curse)

@: very quick, not resistant to hostile enchantments, fairly stealthy
A: unfitting armour, see invisible, herbivore 3, speed 3, slow metabolism 2
a: no special abilities


You were on level 2 of the Dungeon.
You were not hungry.

You visited 1 branch of the dungeon, and saw 3 of its levels.

You collected 98 gold pieces.

Inventory:

Hand Weapons
 a - a +0 short sword (weapon)
Missiles
 k - 73 stones (quivered)
Armour
 b - a +0 robe (worn)
Jewellery
 h - a cursed ring of teleportation (left hand)
 o - a ring of magical power (right hand)
Wands
 c - a wand of flame (15/48)
 d - a wand of enslavement (15/24)
 e - a wand of random effects (15/48)
 p - a wand of slowing (26/48)
Scrolls
 i - a scroll of enchant weapon {unknown}
 j - a scroll of identify
 l - a scroll of magic mapping {unknown}
 m - a scroll of remove curse {unknown}
Potions
 g - 3 potions of curing
 q - a potion of lignification {unknown}
 r - a potion of resistance {unknown}
Comestibles
 f - a bread ration
 n - 2 slices of pizza


   Skills:
 + Level 1.1 Fighting
 * Level 2.1 Short Blades
 + Level 3.7 Dodging
 + Level 2.7 Stealth
 + Level 4.7 Evocations


You had 2 spell levels left.
You didn't know any spells.

Dungeon Overview and Level Annotations

Branches:
Dungeon (3/15)

Altars:
Ashenzari
Cheibriados
Gozag
Ru
Sif Muna
Xom
Zin

Annotations:
D:3 magog001's ghost, amateur MiFi


Innate Abilities, Weirdness & Mutations

You are tiny and cannot use many weapons and most armour.
You have supernaturally acute eyesight.
You are a herbivore.
You cover ground extremely quickly.
You need consume almost no food.


Message History

* * * LOW HITPOINT WARNING * * *
The jackal completely misses you. x2
Huge Dmg: -16%(-3hp) hp: 23%(4hp)
You closely miss the jackal.
The jackal is heavily wounded.
The jackal misses you. The jackal closely misses you. x2
You hit the jackal.
You kill the jackal!
The jackal bites you.
* * * LOW HITPOINT WARNING * * *
You see here a jackal corpse.
Huge Dmg: -11%(-2hp) hp: 12%(2hp)
There is an open door here.
You hit the jackal.
The jackal is heavily wounded.
The jackal completely misses you.
You barely miss the jackal.
The jackal is heavily wounded.
The jackal bites you.
You die...

.#.#._#......############.......#
.....⌠#......'...................
[)..._#......#....#######.......#
.#.#.♣#.....##....# ####...##
.###_##......†...## ##...##
#######.....####'####### #......
#..........# #........# #......
##..........# #.h......# #..†...
.#.........## #.@......####......
......÷...## #..................
...........# #........####......
...........# #........# #......
...........# #........# #.#####
.#########.# #........# #.# .#
#.############# #.# ## #.#<....#
#.# #.#####.# #.#


You could see a jackal.

Vanquished Creatures
  An ooze (D:1)
  A dart slug (D:1)
  A giant gecko (D:1)
  A giant cockroach (D:1)
  9 goblins
  A hobgoblin (D:1)
  4 jackals (D:2)
  8 kobolds
  2 quokkas (D:2)
  8 bats
  4 giant newts
  5 rats
45 creatures vanquished.

Notes
Turn   | Place    | Note
--------------------------------------------------------------
     0 | D:1      | Monsterracer the Spriggan Artificer began the quest for the Orb.
     0 | D:1      | Reached XP level 1. HP: 9/9 MP: 4/4
    90 | D:1      | Reached XP level 2. HP: 14/14 MP: 6/6
   281 | D:1      | Reached skill level 1 in Fighting
   535 | D:1      | HP: 6/14 [giant newt (2)]
   778 | D:1      | Reached XP level 3. HP: 18/18 MP: 7/7
  1081 | D:2      | Found an opulent altar of Gozag.
  1603 | D:2      | Found a deep blue altar of Sif Muna.
  1609 | D:2      | Found a sacrificial altar of Ru.
  1611 | D:2      | Found a shimmering altar of Xom.
  1611 | D:2      | Found a glowing silver altar of Zin.
  1621 | D:2      | Found a shattered altar of Ashenzari.
  1622 | D:2      | Found a snail-covered altar of Cheibriados.
  1877 | D:3      | Noticed magog001's ghost (amateur MiFi)
  1882 | D:3      | HP: 9/18 [poisoned by magog001's ghost]
  1930 | D:2      | HP: 8/18 [jackal (3)]
  1943 | D:2      | HP: 2/18 [jackal (2)]
  1951 | D:2      | Slain by a jackal

Skill      XL: |  1  2  3 |
---------------+----------+-----
Stealth        | 2 |  2.7
Fighting       | 1 |  1.1
Short Blades   | 2 |  2.1
Dodging        | |  3.7
Evocations     | |  4.7

Action                   || total
-------------------------++-------
Melee: Short sword       ||   148
  Use: Scroll            ||     2
       Potion            ||     1
 Stab: Sleeping          ||    11
Armor: Robe              ||    14
Dodge: Dodged            ||   126
